AoeStats
← Yaycub

Lombardia

508767367Analyzed
2v2 RM · 9d ago on Sep 24, 2026· 51m 54s· 4 players
Game mode
Random Map
Map size
Medium (4 player)
Population
200
Speed
Normal
Resources
Standard
Victory
Conquest
Starting age
Dark Age
Ending age
Imperial Age
RankedLock teamsTeams togetherTeam positionsShared explorationLock speedFull tech treeHidden civsTurbo modeCheats
Victory
Defeat
🇺🇸 Vikings · United States
1029
+18
🇺🇸 Sicilians · United States
1028
+18
🇨🇦 Varangians · Canada
1118
-19
🇨🇦 Danes · Canada
1039
-17
Keltscheesegrater
10:07 Feudal Age
12:20 Double-Bit Axe
12:51 Loom
13:24 Horse Collar
16:18 Castle Age
15:45 Scale Mail Armor
15:45 Stone Mining
15:52 Gold Mining
19:50 Bow Saw
20:59 Scale Mail Armor
20:51 Fletching
22:44 Squires
23:35 Arson
24:36 Town Watch
25:07 Heavy Plow
24:54 Pikeman
26:38 Chain Mail Armor
27:11 Forging
28:16 Chieftains
30:35 Iron Casting
33:04 Treadmill Crane
33:38 Masonry
34:35 Ballistics
35:34 Gold Shaft Mining
36:11 Fervor
47:33 Imperial Age
46:32 Murder Holes
47:56 Bodkin Arrow
47:51 Elite Varangian Guard
49:26 Siege Engineers
50:38 Two-Man Saw
50:35 Conscription
50:22 Capped Ram
52:02 Plate Mail Armor
murazar
4:32 Loom
11:43 Feudal Age
12:34 Horse Collar
13:48 Forging
17:46 Castle Age
18:29 Wheelbarrow
17:42 Double-Bit Axe
17:57 Fletching
22:54 Bodkin Arrow
23:02 Padded Archer Armor
23:55 Heavy Plow
28:54 Ballistics
32:27 Imperial Age
30:25 Bow Saw
33:42 Bracer
33:58 Leather Archer Armor
34:45 Gold Mining
36:22 Elite Serjeant
41:04 Forging
40:55 Scale Mail Armor
41:42 Heavy Mounted Crossbowman
41:45 Cranequins
50:41 Pikeman
Yaycub
10:58 Feudal Age
11:55 Loom
14:39 Castle Age
13:04 Double-Bit Axe
13:06 Horse Collar
16:49 Gold Mining
17:11 Bow Saw
17:37 Scale Barding Armor
22:36 Bloodlines
23:42 Forging
24:03 Husbandry
25:17 Heavy Plow
26:40 Chain Barding Armor
30:06 Wheelbarrow
28:55 Vendel Legacy
30:06 Town Watch
32:19 Iron Casting
33:57 Man-at-Arms
35:51 Iron Casting
34:53 Man-at-Arms
40:12 Hand Cart
39:56 Fletching
40:54 Masonry
44:29 Imperial Age
45:28 Cavalier
50:51 Ballistics
SneakFox
11:08 Feudal Age
12:22 Double-Bit Axe
16:06 Gold Mining
16:06 Arson
15:46 Man-at-Arms
17:45 Horse Collar
22:23 Castle Age
21:21 Wheelbarrow
22:02 Man-at-Arms
23:48 Scale Mail Armor
23:59 Forging
24:31 Squires
23:54 Man-at-Arms
25:12 Bow Saw
26:07 Chain Mail Armor
27:36 Long Swordsman
29:28 Hamask
32:12 Elite Skirmisher
36:06 Gambesons
37:09 Iron Casting
40:37 Hand Cart
40:09 Town Watch
41:03 Gold Shaft Mining
46:08 Imperial Age
45:36 Town Patrol
46:47 Thumb Ring
48:24 Conscription
47:38 Cranequins
50:00 Thumb Ring
Connection lost

Rejoining the realm…

Still unreachable

The connection could not be restored.

Session expired

The server has moved on; the page needs a fresh start.